Map: Eternal Empire LE

Players

SortOf - Winner!

  • Race: Zerg Zerg
  • League: Grandmaster
  • Spawn Location: 7:00

ArT

  • Race: Protoss Protoss
  • Spawn Location: 1:00

Event: DreamHack SC2 Masters 2020 Summer Europe

VOD

Have the link to the VOD?

Description

Time

  • Played on: July 5, 2020, 1:11 p.m.
  • Length: 11:35

All games in this series

Show
View Real Time Build Order
Export as new Build Order

SortOf Zerg - Winner!

Build Orders: Hatch First 

Get SALT Encoding   

  12  0:00  Drone  
  13  0:12  Overlord  
  13  0:17  Drone  
  14  0:30  Drone x2  
  16  0:38  Drone  
  17  0:52  Hatchery  
  17  0:56  Drone  
  17  1:00  Drone  
  17  1:02  Extractor  
  17  1:15  Spawning Pool  
  17  1:17  Drone  
  17  1:22  Drone  
  18  1:28  Drone  
  19  1:39  Drone  
  20  1:50  Overlord  
  20  2:01  Queen  
  20  2:05  Queen, Zergling x4  
  20  2:07  Metabolic Boost  
  26  2:16  Drone x2  
  28  2:30  Overlord  
  28  2:31  Drone  
  28  2:36  Drone  
  30  2:48  Hatchery  
  30  2:49  Queen  
  30  2:51  Drone  
  32  2:55  Drone x2  
  34  3:00  Zergling x2  
  34  3:05  Drone x2  
  37  3:11  Overlord  
  37  3:15  Drone, Queen  
  40  3:21  Drone  
  40  3:22  Drone  
  40  3:24  Drone  
  40  3:25  Drone  
  44  3:29  Overlord  
  44  3:32  Overlord  
  44  3:44  Zergling x4  
  46  3:48  Spore Crawler  
  46  3:51  Drone, Queen  
  46  3:55  Drone x4  
  52  3:57  Spore Crawler  
  52  3:59  Drone  
  52  4:02  Drone x2  
  54  4:05  Drone  
  54  4:07  Drone  
  54  4:08  Drone  
  57  4:11  Spore Crawler  
  57  4:14  Overlord  
  55  4:18  Overlord  
  55  4:19  Drone  
  56  4:30  Drone x2  
  57  4:32  Drone x3  
  57  4:33  Drone  
  57  4:35  Roach Warren, Drone, Extractor  
  57  4:37  Drone  
  61  4:39  Drone  
  61  4:45  Drone x3  
  65  4:46  Overlord  
  65  4:50  Lair  
  65  4:52  Zergling x2  
  66  4:53  Overlord  
  66  4:55  Drone  
  66  4:57  Extractor  
  66  5:01  Drone  
  66  5:05  Drone x5  
  72  5:08  Drone x3  
  72  5:10  Drone x2  
  77  5:19  Overlord  
  77  5:21  Drone x3  
  79  5:25  Extractor  
  79  5:27  Overlord  
  78  5:28  Zergling x2  
  78  5:31  Roach  
  78  5:35  Overlord, Spine Crawler  
  79  5:36  Roach  
  79  5:37  Roach x2  
  79  5:42  Roach x5, Extractor  
  94  5:45  Extractor  
  94  5:48  Evolution Chamber  
  94  5:49  Roach x3  
  98  5:54  Roach  
  98  5:57  Queen  
  97  6:00  Roach x3  
  101  6:08  Zergling x4  
  101  6:13  Drone  
  101  6:18  Zergling x18  
  107  6:21  Zerg Missile Weapons Level 1  
  103  6:26  Drone  
  103  6:32  Drone x2, Queen  
  106  6:39  Drone x2  
  109  6:45  Baneling Nest  
  107  6:49  Glial Reconstitution  
  107  6:51  Drone x2  
  109  6:55  Ravager  
  109  6:56  Hatchery, Ravager x3  
  109  7:00  Spire  
  109  7:01  Zergling x2  
  112  7:03  Overlord x2  
  112  7:05  Overlord  
  112  7:09  Overlord  
  112  7:11  Overlord  
  112  7:20  Drone  
  112  7:21  Drone x2  
  114  7:24  Evolution Chamber, Drone x7  
  114  7:28  Queen  
  114  7:29  Overseer  
  122  7:36  Centrifical Hooks  
  122  7:41  Drone x8  
  130  7:47  Overlord  
  130  7:49  Overlord  
  130  7:50  Unknown  
  135  7:51  Roach x3  
  135  7:58  Ravager x2  
  135  8:04  Zerg Melee Weapons Level 1  
  136  8:07  Zergling x18  
  136  8:09  Infestation Pit  
  144  8:13  Zergling x6  
  144  8:14  Baneling x5  
  146  8:22  Zerg Missile Weapons Level 2  
  146  8:23  Zergling x14  
  152  8:32  Zergling x12  
  152  8:33  Baneling x6  
  152  8:34  Baneling x2  
  158  8:41  Corruptor x3  
  158  8:46  Overlord  
  158  8:47  Zergling x6  
  166  8:56  Zergling x4  
  166  8:57  Zergling x14  
  175  9:04  Baneling, Hive  
  175  9:07  Baneling x9  
  175  9:08  Baneling x18  
  175  9:10  Overlord  
  175  9:17  Zergling x14  
  180  9:37  Overlord  
  181  9:38  Zergling x16  
  181  9:39  Pneumatized Carapace  
  181  9:40  Baneling x4  
  184  9:53  Hatchery  
  181  10:02  Zergling x10  
  183  10:08  Zergling x12  
  183  10:14  Zergling x8  
  171  10:19  Greater Spire  
  150  10:22  Zergling x8  
  151  10:29  Roach x3  
  151  10:35  Baneling x5, Zergling x6  
  156  10:36  Baneling x21  
  156  10:40  Zergling x2  
  157  10:44  Roach x2  
  157  10:49  Corruptor x3  
  158  10:50  Corruptor x2  
  158  10:56  Drone x3  
  171  11:01  Spine Crawler  
  170  11:04  Extractor  
  170  11:05  Baneling x7  
  170  11:06  Baneling x5  
  169  11:13  Overlord x2  
Show
View Real Time Build Order
Export as new Build Order

ArT Protoss 

Build Orders: 1 Gate Expand, Oracle Opening, Phoenix Opening 

Get SALT Encoding   

  12  0:00  Probe  
  13  0:12  Probe  
  14  0:19  Pylon  
  14  0:28  Probe  
  15  0:36  Probe  
  15  0:41  Gateway  
  16  0:45  Probe  
  17  0:52  Assimilator  
  17  0:56  Probe  
  18  1:09  Probe  
  19  1:21  Probe  
  20  1:30  Nexus  
  20  1:40  Cybernetics Core  
  20  1:44  Probe  
  21  1:50  Assimilator  
  21  1:56  Probe  
  21  2:01  Pylon  
  22  2:08  Probe  
  23  2:09  Adept  
  23  2:20  Probe  
  26  2:24  Stargate  
  26  2:29  Warp Gate  
  26  2:31  Probe  
  27  2:38  Probe  
  27  2:39  Adept, Probe  
  31  2:46  Probe  
  31  2:49  Probe  
  32  2:56  Probe  
  34  3:00  Probe  
  34  3:01  Phoenix  
  35  3:08  Probe  
  35  3:12  Probe  
  39  3:14  Pylon  
  39  3:20  Probe  
  39  3:23  Oracle  
  39  3:24  Probe  
  44  3:32  Gateway  
  44  3:34  Probe  
  45  3:36  Probe  
  45  3:41  Adept  
  48  3:44  Pylon  
  48  3:47  Probe  
  49  3:49  Probe  
  50  3:55  Gateway  
  50  3:59  Gateway  
  50  4:04  Twilight Council  
  50  4:14  Resonating Glaives  
  50  4:18  Nexus  
  50  4:25  Adept  
  50  4:27  Adept  
  50  4:29  Pylon  
  54  4:34  Probe x2  
  54  4:38  Assimilator  
  56  4:48  Adept x2  
  56  4:50  Probe  
  56  4:51  Assimilator  
  61  4:56  Adept x2  
  61  4:59  Pylon  
  65  5:01  Probe  
  65  5:06  Probe  
  67  5:10  Adept  
  67  5:13  Probe  
  70  5:17  Pylon  
  70  5:18  Adept x2  
  70  5:21  Adept  
  76  5:23  Probe  
  76  5:25  Probe  
  78  5:34  Probe  
  79  5:36  Probe  
  79  5:37  Probe  
  79  5:40  Adept  
  79  5:42  Sentry x2  
  87  5:43  Sentry  
  87  5:46  Probe  
  87  5:48  Probe, Robotics Facility  
  87  5:49  Probe  
  91  5:56  Probe  
  90  5:57  Probe  
  90  5:58  Probe  
  90  6:01  Forge  
  91  6:04  Probe  
  91  6:06  Probe  
  91  6:10  Probe  
  92  6:15  Probe  
  92  6:17  Probe  
  86  6:19  Gateway  
  86  6:22  Gateway  
  86  6:23  Sentry x4, Probe  
  93  6:28  Probe  
  93  6:29  Probe  
  93  6:30  Immortal  
  95  6:33  Assimilator  
  95  6:34  Protoss Ground Weapons Level 1, Assimilator, Pylon  
  95  6:35  Probe  
  96  6:40  Probe  
  97  6:50  Shield Battery  
  97  6:51  Shield Battery  
  97  6:53  Adept x3  
  103  6:54  Adept  
  105  7:02  Pylon x2  
  105  7:03  Immortal  
  105  7:05  Gateway  
  105  7:10  Shield Battery  
  105  7:14  Pylon  
  109  7:20  Shield Battery  
  109  7:22  Pylon  
  109  7:24  Stalker x2, Blink  
  109  7:25  Stalker x3  
  109  7:28  Probe  
  120  7:30  Gateway  
  120  7:37  Warp Prism  
  120  7:39  Gateway  
  120  7:49  Probe  
  123  7:51  Pylon  
  123  7:53  Templar Archives  
  123  7:59  Pylon  
  123  8:01  Pylon  
  123  8:08  Observer  
  123  8:10  Pylon  
  123  8:13  Photon Cannon  
  123  8:19  Nexus  
  124  8:24  Pylon  
  124  8:27  Immortal  
  126  8:35  Probe x2  
  126  8:36  Psionic Storm  
  126  8:40  Photon Cannon  
  128  8:42  Zealot  
  128  8:44  Photon Cannon  
  130  8:49  Gateway  
  130  8:50  Gateway  
  130  8:56  High Templar  
  130  8:57  High Templar x3, Protoss Ground Weapons Level 2  
  130  8:59  High Templar, Zealot  
  130  9:02  Probe  
  143  9:03  Photon Cannon  
  143  9:06  Probe x2  
  143  9:08  Pylon  
  145  9:10  Pylon  
  145  9:13  Unknown  
  145  9:17  Fleet Beacon  
  143  9:24  Stargate  
  143  9:25  Charge  
  143  9:31  Probe x2  
  145  9:32  Probe  
  145  9:34  Photon Cannon  
  146  9:50  Zealot x2  
  138  9:54  Probe x2  
  138  9:56  Sentry, Zealot x4  
  138  9:58  Stalker x2  
  150  10:04  Dark Shrine  
  144  10:07  Zealot  
  144  10:09  Archon, Stargate  
  132  10:15  Zealot x2  
  132  10:20  Zealot x5  
  115  10:22  Probe  
  115  10:23  Probe x2  
  115  10:25  High Templar x2  
  115  10:28  Probe  
  116  10:31  Zealot  
  116  10:34  Probe  
  117  10:39  Probe  
  110  10:44  Zealot x5  
  110  10:46  Observer, Zealot  
  110  10:47  Zealot  
  114  10:50  Probe x2  
  114  10:54  Probe  
  114  10:55  Probe  
  115  10:58  Probe  
  115  11:01  High Templar  
  115  11:02  High Templar x2, Probe  
  123  11:04  Probe  
  123  11:08  Probe  
  126  11:11  Probe  
  126  11:13  Probe  
  126  11:16  High Templar  
  130  11:18  Pylon  
  130  11:21  High Templar  
Tags
 
Add a new tag
Caveats
  • Supply blocks, unpowered buildings, or Contaminate may cause inaccurate times.
  • Supply counts are checked every 10 seconds.